 Dungeon Crawl Stone Soup version 0.26-a0-1205-g4083c211ab (webtiles) character file.

Game seed: 7187293761456415557

8 Azzok the Skirmisher (level 2, 20/24 HPs)
             Began as a Demonspawn Berserker on Dec 29, 2020.
             Was a Follower of Trog.
             Quit the game on level 1 of the Dungeon.
             The game lasted 00:00:23 (471 turns).

Azzok the Skirmisher (Demonspawn Berserker)          Turns: 471, Time: 00:00:24

Health: 20/24      AC:  2    Str: 17    XL:     2   Next: 0%
Magic:  2/2        EV: 12    Int:  8    God:    Trog [*.....]
Gold:   17         SH:  0    Dex: 12    Spells: 1/1 levels left

rFire    . . .     SeeInvis .   a - +0 hand axe
rCold    . . .     Faith    .   (no shield)
rNeg     . . .     Spirit   +   b - +0 animal skin
rPois    .         Reflect  .   (no helmet)
rElec    .         Harm     .   (no cloak)
rCorr    .         Rampage  .   (no gloves)
Will     .....                  (no boots)
Stlth    +.........             (no amulet)
HPRegen  0.08/turn              (no ring)
MPRegen  0.08/turn              (no ring)

@: no status effects
A: magic shield
a: Renounce Religion, Berserk


You were on level 1 of the Dungeon.
You worshipped Trog.
Trog was aware of your devotion.
You visited 1 branch of the dungeon, and saw 1 of its levels.

You collected 17 gold pieces.

Inventory:

Hand Weapons
 a - a +0 hand axe (weapon)
Armour
 b - a +0 animal skin (worn)
Scrolls
 c - a scroll of magic mapping {unknown}
Potions
 d - a potion of cancellation {unknown}
 e - a potion of curing {unknown}


   Skills:
 + Level 3.1 Fighting
 + Level 2.8 Axes
 + Level 2.0 Armour
 + Level 2.0 Dodging


You had one spell level left.
You didn't know any spells.
Your spell library was empty.

Dungeon Overview and Level Annotations

Branches:
Dungeon (1/15)

Altars:


Innate Abilities, Weirdness & Mutations

When hurt, damage is shared between your health and your magic reserves.


Message History

A frilled lizard is nearby!
A frilled lizard is nearby!
The frilled lizard bites you.
You barely miss the frilled lizard.
You hit the giant cockroach but do no damage.
The giant cockroach bites you but does no damage.
The frilled lizard bites you but does no damage.
The giant cockroach bites you.
You slash the frilled lizard!
You kill the frilled lizard!
Trog accepts your kill.
You hit the giant cockroach. The giant cockroach closely misses you.
You have reached level 2!
Your demonic ancestry asserts itself...
You feel your magical essence form a protective shroud around your flesh.
You hit the giant cockroach but do no damage.
The giant cockroach is almost dead.
The giant cockroach bites you but does no damage.
The giant cockroach barely misses you.
Are you sure you want to abandon this character and quit the game? (Confirm with "yes".)

▒·▒ ▒·▒ ▒·▒ ▒·▒
▒▒▒▒·▒▒▒
▒▒╬▒·····!▒
······(···▒▒▒▒▒
·······@·······
·······B··▒▒▒▒▒
··········▒
····[·····▒
·····▒▒'▒▒▒
▒·▒▒· ▒·▒ ·
▒··▒·▒▒▒▒▒▒
▒·▒>·····▒
▒·▒······▒


You could see a giant cockroach.

Vanquished Creatures
  A goblin (D:1)
  2 hobgoblins (D:1)
  A kobold (D:1)
  2 bats (D:1)
  A frilled lizard (D:1)
7 creatures vanquished.

Notes
Turn   | Place    | Note
-------+----------+-------------------------------------------
     0 | D:1      | Azzok the Demonspawn Berserker began the quest for the Orb.
     0 | D:1      | Reached XP level 1. HP: 18/18 MP: 1/1
   470 | D:1      | Gained mutation: When hurt, damage is shared between your
                  | health and your magic reserves. [demonic ancestry]
   470 | D:1      | Reached XP level 2. HP: 20/24 MP: 2/2
   471 | D:1      | Quit the game

Illustrated notes

Levels and vault maps discovered:
D:1:      mrwooster_arrival_statue_2, layout_basic, bh_walls_and_bars

Skill      XL: |  1 |
---------------+----+-----
Armour         | 2 |  2.0
Dodging        | 2 |  2.0
Fighting       | |  3.1
Axes           | |  2.8

Action                   || total
-------------------------++-------
Melee: Hand axe          ||    25
Armor: Animal skin       ||    13
Dodge: Dodged            ||    30

Table legend: (Time is in decaauts)
 A = Elapsed time spent in this place.
 B = Non-inter-level travel time spent in this place.
 C = Inter-level travel time spent in this place.
 D = Time resting spent in this place.
 E = Time spent auto-exploring this place.
 F = Levels seen in this place.
 G = Mean time per level.
                   A        B        C        D        E       F      G
               +--------+--------+--------+--------+--------+-----+--------+
         Total |    474 |    474 |      0 |      0 |    389 |   1 |  474.0 |
       Dungeon |    474 |    474 |      0 |      0 |    389 |   1 |  474.0 |
               +--------+--------+--------+--------+--------+-----+--------+

Top non-repeatable levels by time:
     D:1: 474 daAuts
